 Dungeon Crawl Stone Soup version 0.28.0 (webtiles) character file.

Game seed: 13228340438050177075

32 386 the Skirmisher (level 3, -2/23 HPs)
             Began as a Vampire Fighter on Feb 17, 2022.
             Slain by Robin (5 damage)
             ... on level 2 of the Dungeon.
             The game lasted 00:06:57 (992 turns).

386 the Skirmisher (Vampire Fighter)                 Turns: 992, Time: 00:06:58

Health: -2/23      AC:  6    Str: 17    XL:     3   Next: 8%
Magic:  3/3        EV:  8    Int: 10    God:
Gold:   0          SH:  4    Dex: 13    Spells: 2/2 levels left

rFire   . . .      SeeInvis +   a - +0 long sword
rCold   + + .      Faith    .   c - +0 buckler
rNeg    + + +      Spirit   .   b - +0 scale mail
rPois   ∞          Reflect  .   (no helmet)
rElec   .          Harm     .   (no cloak)
rCorr   .          Rampage  .   (no gloves)
Will    .....                   (no boots)
Stlth   ++........              (no amulet)
HPRegen 0.00/turn               (no ring)
MPRegen 0.08/turn               (no ring)

@: bloodless, inhibited regen
A: bloodless, fangs 3, see invisible, vampiric 2
a: Bat Form, Revivify


You were on level 2 of the Dungeon.
You visited 1 branch of the dungeon, and saw 2 of its levels.

Inventory:

Hand Weapons
 a - a +0 long sword (weapon)
 i - a +2 short sword of draining
Missiles
 e - 22 stones (quivered)
Armour
 b - a +0 scale mail (worn)
 c - a +0 buckler (worn)
Scrolls
 f - a scroll of fear {unknown}
 g - a scroll of brand weapon {unknown}
 h - a scroll of teleportation {unknown}
 j - a scroll of summoning {unknown}
 k - a scroll of fog {unknown}
Potions
 d - a potion of might


   Skills:
 + Level 3.0 Fighting
 + Level 2.5 Long Blades
 + Level 2.7 Armour
 + Level 3.0 Shields


You had 2 spell levels left.
You didn't know any spells.
Your spell library contained the following spells:

 Spells                   Type           Power      Damage    Failure   Level
 Foxfire                  Conj/Fire      0%         2x1d4     86%         1
 Conjure Flame            Conj/Fire      0%         6-21      99%         3
 Inner Flame              Hex/Fire       0%         N/A       99%         3
 Flame Wave               Conj/Fire      0%         2d4       100%        4


Dungeon Overview and Level Annotations

Branches:
Dungeon (2/15)

Altars:

Annotations:
D:2 Robin


Innate Abilities, Weirdness & Mutations

You do not regenerate when monsters are visible.
You are frail without blood (-20% HP).
You can heal yourself when you bite living creatures.
You are immune to poison.
You have razor-sharp teeth.
You have supernaturally acute eyesight. (SInv)
You are afflicted with vampirism and can become a bat while bloodless.


Message History

You hit the goblin.
You kill the goblin!
An endoplasm comes into view.
The hobgoblin hits you but does no damage.
The endoplasm moves out of view.
You barely miss the hobgoblin.
Robin roars a battlecry!
The goblins go into a battle-frenzy!
The hobgoblin barely misses you. Robin hits you but does no damage.
Robin throws the goblin at you!
You completely miss the goblin. Your bite misses the goblin.
The hobgoblin hits you. You block the goblin's attack.
You slash the goblin!
You kill the goblin!
The hobgoblin barely misses you.
Robin roars a battlecry!
The hobgoblin hits you.
You hear an angry hiss.
Robin throws the goblin at you! You block the goblin's attack.
Items here: ( )) †.
You barely miss the goblin.
The hobgoblin hits you but does no damage.
The goblin hits you but does no damage.
You closely miss the goblin. Robin closely misses you.
The hobgoblin hits you but does no damage.
The goblin hits you but does no damage. You block Robin's attack.
You barely miss the goblin. The hobgoblin barely misses you.
The goblin hits you but does no damage. Robin hits you but does no damage.
You block the hobgoblin's attack.
You closely miss the goblin.
The endoplasm quivers.
Your bite misses the goblin. The goblin hits you with a +0 club.
* * * LOW HITPOINT WARNING * * *
You block Robin's attack.
The hobgoblin hits you but does no damage.
The goblin hits you with a +0 club.
* * * LOW HITPOINT WARNING * * *
You barely miss the goblin.
Robin hits you from afar with a +0 spear.
You die...

.# ##.# #####<.#
...#..# #.#..# #.)..#
#....#
###########.#..#
#.Jgg@g........#
##.##.#############..#
#......$..# .##
#..##.###.# .# #. .g..
#gg.#.#


#ggg.g# +.g .g# #g ...# You could see Robin, an endoplasm, a hobgoblin (strong)
and a goblin (strong).

Vanquished Creatures
  2 dart slugs (D:1)
  4 endoplasms (D:1)
  3 goblins (D:2)
  A hobgoblin (D:1)
  2 quokkas (D:1)
  3 ball pythons (D:1)
  2 bats (D:1)
  4 frilled lizards (D:1)
  A kobold (D:1)
  5 rats (D:1)
27 creatures vanquished.

Notes
Turn   | Place    | Note
-------+----------+-------------------------------------------
     0 | D:1      | 386 the Vampire Fighter began the quest for the Orb.
     0 | D:1      | Reached XP level 1. HP: 17/17 MP: 1/1
    57 | D:1      | Found a faded altar of an unknown god.
   249 | D:1      | Reached XP level 2. HP: 10/18 MP: 2/2
   970 | D:2      | Noticed Robin
   979 | D:2      | Gained mutation: You are afflicted with vampirism and can
                  | become a bat while bloodless. [Vampire growth]
   979 | D:2      | Reached XP level 3. HP: 18/23 MP: 3/3
   992 | D:2      | Slain by Robin

Illustrated notes

Levels and vault maps discovered:
D:1:      matt_arrival_grand_opening, layout_loops_ring,
          shapermc_ecumenical_altar_acropolis, kennysheep_doodads
D:2:      layout_basic, minmay_bisected, uniq_sigmund, uniq_natasha, uniq_robin

Skill      XL: |  1  2 |
---------------+-------+-----
Fighting       | 3 |  3.0
Shields        | 3 |  3.0
Long Blades    | |  2.5
Armour         | |  2.7

Action                   || total
-------------------------++-------
Melee: Long sword        ||    70
       Bite              ||     4
 Abil: Exsanguinate      ||     1
 Stab: Sleeping          ||     3
Armor: Scale mail        ||    31
Dodge: Dodged            ||    18
Block: Buckler           ||    15
